cohdb
Replays
Latest Replays
All Replays
Popular Replays
Top Player Replays
Match Explorer
How It Works
Community
CoH3 Stats
Reddit
Sign in to upload your games and track your stats! →
Sign in with Steam
Match 43101273
Unlisted
Match 43101273
Overview
Messages
Build Orders
End
Kradschützen Motorcycle Team
250 Light Carrier
Panzergrenadier Squad
Construct Light Support Kompanie
Combat Half-tracks
Construct Mechanized Kompanie
Advanced Field Repairs
8 Rad Armored Car
Panzerjäger Mechanized Group
Vehicle Survival Package
Selects Armored Support Battlegroup
Selects Veteran Gunners
Veteran Squad Leaders
Selects Salvage Kits
Steyrc
Monkey CPU
Dark Angels
Goonsader
Scorps
The sexy Ginger
Michel-®
YoSleepy
0
0
Comments
sign in to comment!
No comments posted yet!